 Dungeon Crawl Stone Soup version 0.25-a0-781-gc44aebf4fe (webtiles) character file.

Game seed: 16758016649039394289, levelgen mode: classic

397 Amnesiac the Covert (level 6, 24/24 HPs)
             Began as a Felid Earth Elementalist on Apr 16, 2020.
             Was a Follower of Ashenzari.
             Quit the game on level 4 of the Dungeon.
             The game lasted 00:13:36 (4488 turns).

Amnesiac the Covert (Felid Earth Elementalist)      Turns: 4488, Time: 00:13:37

Health: 24/24      AC:  2    Str:  4    XL:     6   Next: 53%
Magic:  11/11      EV: 18    Int: 18    God:    Ashenzari [*.....]
Gold:   254        SH:  2    Dex: 20    Spells: 4/11 levels left
                                        Lives:  1   Deaths: 1

rFire    . . .     SeeInvis +     - Unarmed
rCold    . . .     Gourm    .   (shield unavailable)
rNeg     . . .     Faith    .   (armour unavailable)
rPois    .         Spirit   .   (helmet unavailable)
rElec    .         Reflect  +   (cloak unavailable)
rCorr    .         Harm     .   (gloves unavailable)
MR       .....                  (boots unavailable)
Stlth    +++++.....             a - +2 amulet of reflection (curse)
HPRegen  0.08/turn              q - +3 ring of dexterity (curse)
MPRegen  0.12/turn              (no ring)

@: quick
A: very small, no armour, no weapons or thrown items, stealth, claws 1, fangs 3,
see invisible, carnivore, speed 1, shaggy fur 2, slow metabolism 1, sharp paws
a: Curse Item, Scrying, Renounce Religion


You were on level 4 of the Dungeon.
You worshipped Ashenzari.
Ashenzari was aware of your devotion.
You were not hungry.

You visited 2 branches of the dungeon, and saw 8 of its levels.

You collected 254 gold pieces.

Inventory:

Missiles
 b - 187 stones
Jewellery
 a - a cursed +2 amulet of reflection (around neck)
 d - an uncursed ring of fire
 q - a cursed +3 ring of dexterity (left paw)
 v - an uncursed amulet of the acrobat
Wands
 u - a wand of flame (19)
Scrolls
 f - 2 scrolls of identify {!r, unknown}
 i - 2 scrolls of blinking {!r, unknown}
 l - 2 scrolls of teleportation {!r, unknown}
 m - 3 scrolls of remove curse {!r}
 n - 5 scrolls of magic mapping {!r}
 r - 2 scrolls of fear {!r, unknown}
 s - a scroll of enchant armour {!r, unknown}
 w - a scroll of immolation {!r, unknown}
Potions
 e - 2 potions of ambrosia {!q, unknown}
 g - a potion of magic {!q, unknown}
 h - a potion of berserk rage {!q, unknown}
 j - a potion of degeneration {!q, unknown}
 k - a potion of cancellation {!q, unknown}
 o - 2 potions of curing {!q, unknown}
 t - a potion of invisibility {!q, unknown}
Comestibles
 c - 7 rations
 p - a chunk of flesh


   Skills:
 - Level 2.6 Dodging
 - Level 8.0 Stealth
 - Level 2.0 Unarmed Combat
 - Level 3.0 Spellcasting
 - Level 3.0 Transmutations
 * Level 5.2 Earth Magic


You had 4 spell levels left.
You knew the following spells:

 Your Spells              Type           Power        Failure   Level  Hunger
a - Sandblast             Erth           ###...       1%          1    None
b - Passwall              Tmut/Erth      ###.....     4%          2    ##.....
e - Petrify               Tmut/Erth      ###.....     30%         4    ####...

Your spell library contained the following spells:

 Spells                   Type           Power        Failure   Level  Hunger
 Stone Arrow              Conj/Erth      ##....       17%         3    ###....
 Lee's Rapid Deconstruct  Erth           ###.......   47%         5    ######.


Dungeon Overview and Level Annotations

Branches:
Dungeon (7/15)             Temple (1/1) D:5

Altars:
Ashenzari
Cheibriados
Dithmenos
Elyvilon
Fedhas
Gozag
Hepliaklqana
Kikubaaqudgha
Makhleb
Okawaru
Qazlal
Ru
Uskayaw
Wu Jian
Xom
Yredelemnul
The Shining One


Innate Abilities, Weirdness & Mutations

You cannot wear armour.
You are incapable of wielding weapons or throwing items.
Your paws allow you to move quietly. (Stealth)
You have sharp claws.
You have razor-sharp teeth.
You have supernaturally acute eyesight. (SInv)
You are carnivorous and can eat meat at any time.
You cover ground quickly.
You are covered in thick fur. (AC +2)
You have a slow metabolism.
Your sharp claws are effective at attacking unaware monsters.


Message History

The scorpion stings you but does no damage.
You hit the scorpion but do no damage.
The scorpion stings you but does no damage.
You barely miss the scorpion. The scorpion completely misses you.
You hit the scorpion.
The scorpion is lightly wounded.
The scorpion stings you but does no damage.
You hit the scorpion.
The scorpion is moderately wounded.
The scorpion stings you but does no damage.
Unknown command.
Unknown command.
You hit the scorpion but do no damage.
The scorpion is moderately wounded.
The scorpion stings you but does no damage.
You hit the scorpion but do no damage.
The scorpion is moderately wounded.
The scorpion stings you but does no damage.
You hit the scorpion.
The scorpion is moderately wounded.
The scorpion stings you but does no damage.
You hit the scorpion.
The scorpion is heavily wounded.
The scorpion stings you.
You smack the scorpion!
You kill the scorpion!
Training target 8.0 for Stealth reached!
Your Stealth skill increases to level 8!
You cannot move.
You cannot move.
You cannot move.
You start resting.
Magic restored.
You start resting.
Your transformation is almost over.
You start resting.
The scorpion is too close now for your liking.
A scorpion is nearby!
A scorpion is nearby!
You feel less wooden.
Casting: Petrify (extremely dangerous; 30% risk of failure)
Confirm with . or Enter, or press ? or * to list all spells.
The spell is extremely dangerous to cast (30% risk of failure)!
Continue anyway? [Y]es or [N]o only, please.
The spell is extremely dangerous to cast (30% risk of failure)!
Continue anyway?
Aiming: Petrify (extremely dangerous; 30% risk of failure)
Press: ? - help, Shift-Dir - straight line, f - scorpion
Aim: a scorpion (hasn't noticed you, chance to defeat MR: 48%)
The scorpion resists with some effort.
Casting: Petrify (extremely dangerous; 30% risk of failure)
Confirm with . or Enter, or press ? or * to list all spells.
The spell is extremely dangerous to cast (30% risk of failure)!
Continue anyway? [Y]es or [N]o only, please.
The spell is extremely dangerous to cast (30% risk of failure)!
Continue anyway?
Aiming: Petrify (extremely dangerous; 30% risk of failure)
Press: ? - help, Shift-Dir - straight line, f/p - scorpion
Aim: a scorpion (chance to defeat MR: 48%)
You miscast Petrify.
You feel a surge of energy from the ground.
Ouch! That really hurt!
You die...
You are now level 6!
You rejoin the land of the living...
Are you sure you want to abandon this character and quit the game? (Confirm with "yes".)

..#..#.#.#....##.#....#.s
..........................
...#..#.#.#.....#.#.......
#.####..#.#.#####.#.#.......
........#...#..##.#.#####.s#
.#.#####.....#..##.#.# ....
........<###.#..##.#.#.#
....
##.#########.#..##.#.#.# ...
.........@........#.# ....
#########.#..#....#.#.....
#.#..#....#.#...s.
#.#..#..#.#.#.?...
#.#..#..#.#.#.....
#....#............
###.##.##.........
#............#....
#.#.##.####..##.#.


There were no monsters in sight!

Vanquished Creatures
  A necrophage (D:6)
  An ogre (D:6)
  A water moccasin zombie (D:5)
  A scorpion (D:4)
  A howler monkey (D:5)
  4 crimson imps
  2 jellies
  Jessica (D:3)
  2 worker ants (D:4)
  A hound skeleton (D:2)
  7 adders
  A shadow imp (D:2)
  An adder skeleton (D:6)
  3 worms
  2 dart slugs
  4 leopard geckos
  3 orcs
  2 ball pythons (D:1)
  10 bats
  3 giant cockroaches
  9 hobgoblins
  3 jackals (D:1)
  5 quokkas
  7 frilled lizards
  3 goblins
  A jackal zombie (D:7)
  9 kobolds
  5 rats
93 creatures vanquished.

Notes
Turn   | Place    | Note
-------+----------+-------------------------------------------
     0 | D:1      | Amnesiac the Felid Earth Elementalist began the quest for
                  | the Orb.
     0 | D:1      | Reached XP level 1. HP: 7/7 MP: 4/4
   257 | D:2      | Reached skill level 3 in Stealth
   257 | D:2      | Reached XP level 2. HP: 4/11 MP: 0/6
   427 | D:3      | Learned a level 2 spell: Passwall
   621 | D:3      | Reached XP level 3. HP: 9/14 MP: 7/7
   789 | D:3      | Noticed Jessica
   796 | D:3      | Killed Jessica
   796 | D:3      | Reached XP level 4. HP: 11/18 MP: 1/9
  1112 | D:4      | Learned a level 4 spell: Petrify
  1151 | D:3      | Reached skill level 4 in Stealth
  1350 | D:4      | You fall into a shaft and drop 3 floors!
  1350 | D:7      | Found an ancient bone altar of Kikubaaqudgha.
  1351 | D:7      | Noticed a big kobold
  1538 | D:6      | Reached XP level 5. HP: 14/21 MP: 4/10
  1570 | D:6      | Reached skill level 1 in Unarmed Combat
  1765 | D:6      | Noticed a necrophage
  1807 | D:6      | Killed a necrophage
  1807 | D:6      | Gained mutation: You are covered in thick fur. (AC +2)
                  | [Felid growth]
  1807 | D:6      | Reached XP level 6. HP: 24/24 MP: 6/11
  1885 | D:6      | Reached skill level 5 in Stealth
  1958 | D:5      | Entered Level 5 of the Dungeon
  1958 | D:5      | Found a staircase to the Ecumenical Temple.
  1961 | Temple   | Entered the Ecumenical Temple
  2038 | Temple   | Became a worshipper of Ashenzari the Shackled
  2086 | D:5      | Reached skill level 5 in Earth Magic
  2154 | D:5      | Reached XP level 7. HP: 22/27 MP: 2/12
  2156 | D:5      | Found a shimmering altar of Xom.
  2286 | D:5      | Reached skill level 6 in Stealth
  3438 | D:2      | Reached * piety under Ashenzari
  3489 | D:2      | Reached skill level 7 in Stealth
  4464 | D:4      | Reached skill level 8 in Stealth
  4487 | D:4      | Killed by miscasting Petrify
  4488 | D:4      | Reached XP level 6. HP: -3/24 MP: 4/11
  4488 | D:4      | Quit the game

Levels and vault maps discovered:
D:1:      minmay_arrival_stone_box, layout_basic, hex_large,
          serial_bayou_pond_d, dk_noncrumbling_3, minmay_splitting_lines,
          minmay_close_crescents
D:2:      layout_basic
D:3:      layout_rooms, kennysheep_jessica_study
D:4:      layout_basic, uniq_grinder
D:5:      layout_basic, gammafunk_temple_overflow_claw, temple_pool_b,
          basic_altar, first_ration
D:6:      layout_loops_ring, nemelex_xobeh_ov_fountains_minmay
D:7:      layout_basic, nicolae_overflow_crystal_walls
Temple:   lightli_temple_of_artemis

Skill      XL: |  1  2  3  4  5  6  7 |
---------------+----------------------+-----
Stealth        | 3 4 5 8 |  8.0
Earth Magic    | 3 4 5 |  5.2
Transmutations | 2 3 |  3.0
Unarmed Combat | 1 2 |  2.0
Spellcasting   | 3 |  3.0
Dodging        | |  2.6

Action                   |  1- 3 |  4- 6 |  7- 9 || total
-------------------------+-------+-------+-------++-------
Melee: Unarmed           |    22 |    31 |   140 ||   193
       Bite              |       |     4 |    11 ||    15
       Punch             |       |       |     1 ||     1
 Cast: Sandblast         |    25 |    37 |    36 ||    98
       Passwall          |       |    14 |     9 ||    23
       Petrify           |       |       |     1 ||     1
Invok: Curse Item        |       |       |     2 ||     2
  Use: Scroll            |       |     1 |       ||     1
 Stab: Sleeping          |     3 |     9 |    15 ||    27
       Distracted        |       |       |     1 ||     1
  Eat: Chunk             |     6 |     5 |     5 ||    16
Armor: Skin              |       |     1 |    18 ||    19
Dodge: Dodged            |    28 |    24 |   118 ||   170
Block: Other             |     1 |     2 |    13 ||    16
       Reflection        |     1 |       |       ||     1

Table legend:
 A = Non-vault XP
 B = Vault XP
 C = Vault XP percentage of total XP
 D = Non-vault monster count
 E = Vault monster count
 F = Vault count percentage of total count
                 A         B        C        D         E       F
            +---------+---------+-------+---------+---------+-------
      Total |    1058 |      45 |   4.1 |      87 |       6 |   6.5
            +---------+---------+-------+---------+---------+-------
        D:1 |      44 |       6 |  12.0 |      24 |       4 |  14.3
        D:2 |     105 |       0 |   0.0 |      21 |       0 |   0.0
        D:3 |     119 |      39 |  24.7 |      23 |       2 |   8.0
        D:4 |     159 |       0 |   0.0 |       6 |       0 |   0.0
        D:5 |     230 |       0 |   0.0 |       5 |       0 |   0.0
        D:6 |     400 |       0 |   0.0 |       7 |       0 |   0.0
        D:7 |       1 |       0 |   0.0 |       1 |       0 |   0.0
            +---------+---------+-------+---------+---------+-------
